 Dungeon Crawl Stone Soup version 0.28-a0-1374-ga75cb3825e (webtiles) character file.

Game seed: 7412916182100642968

56 pokeman the Magician (level 3, -1/20 HPs)
             Began as a Deep Elf Hedge Wizard on Dec 31, 2021.
             Killed from afar by Sigmund (3 damage)
             ... with a magic dart
             ... on level 2 of the Dungeon.
             The game lasted 00:04:53 (2018 turns).

pokeman the Magician (Deep Elf Hedge Wizard)        Turns: 2018, Time: 00:04:54

Health: -1/20      AC:  6    Str:  7    XL:     3   Next: 69%
Magic:  2/11       EV: 12    Int: 20    God:
Gold:   83         SH:  0    Dex: 14    Spells: 1/12 levels left

rFire   . . .      SeeInvis .   b - +0 spear
rCold   . . .      Faith    .   (no shield)
rNeg    . . .      Spirit   .   f - +0 leather armour
rPois   .          Reflect  .   c - +0 hat
rElec   .          Harm     .   (no cloak)
rCorr   .          Rampage  .   a - +2 pair of gloves
Will    .....                   (no boots)
Stlth   +.........              (no amulet)
HPRegen 0.06/turn               (no ring)
MPRegen 0.12/turn               (no ring)

@: confused
A: no striking features
a: no special abilities


You were on level 2 of the Dungeon.
You visited 1 branch of the dungeon, and saw 2 of its levels.

You collected 83 gold pieces.

Inventory:

Hand Weapons
 b - a +0 spear (weapon)
Missiles
 g - 41 arrows
Armour
 a - a +2 pair of gloves (worn)
 c - a +0 hat (worn)
 f - a +0 leather armour (worn)
Scrolls
 d - a scroll of noise {unknown}
 e - a scroll of acquirement {unknown}
 h - a scroll of enchant weapon {unknown}
 i - a scroll of identify {unknown}
Potions
 j - a potion of mutation {unknown}


   Skills:
 - Level 1.0 Fighting
 + Level 1.0 Armour
 + Level 2.5 Dodging
 - Level 2.4 Stealth
 * Level 5.3 Spellcasting
 + Level 2.0 Conjurations
 - Level 1.1 Summonings
 - Level 1.1 Translocations


You had one spell level left.
You knew the following spells:

 Your Spells              Type           Power      Damage    Failure   Level
a - Magic Dart            Conj           52%        1d5       7%          1
b - Mephitic Cloud        Conj/Pois/Air  8%         N/A       36%         3
c - Call Imp              Summ           9%         N/A       16%         2
d - Blink                 Tloc           18%        N/A       16%         2
e - Conjure Flame         Conj/Fire      9%         6-21      32%         3

Your spell library contained the following spells:

 Spells                   Type           Power      Damage    Failure   Level
 Slow                     Hex            20%        N/A       17%         1
 Gell's Gravitas          Tloc           9%         N/A       30%         3
 Lesser Beckoning         Tloc           9%         N/A       30%         3
 Teleport Other           Tloc           9%         N/A       30%         3


Dungeon Overview and Level Annotations

Branches:
Dungeon (2/15)

Altars:

Annotations:
D:2 Sigmund


Message History

The spell is potentially lethal to miscast (32% risk of failure)!
Continue anyway?
You miscast Conjure Flame.
Nothing appears to happen.
Something hits you.
Your white imp misses something.
Casting: Conjure Flame (potentially lethal; 32% risk of failure)
Confirm with . or Enter, or press ? or * to list all spells.
You don't have enough magic to cast this spell.
There is a strange disturbance nearby!
Something hits your white imp but does no damage.
Your magical contamination has completely faded away.
Something tries to affect you, but you resist.
Casting: Conjure Flame (potentially lethal; 32% risk of failure)
Confirm with . or Enter, or press ? or * to list all spells.
The spell is potentially lethal to miscast (32% risk of failure)!
Continue anyway?
The fire begins to smoulder!
The fire ignites!
You start resting.
Something hits you but does no damage.
Casting: Conjure Flame (potentially lethal; 32% risk of failure)
Confirm with . or Enter, or press ? or * to list all spells.
You can't see any susceptible monsters within range! (Use Z to cast anyway.)
Casting: Conjure Flame (potentially lethal; 32% risk of failure)
Confirm with . or Enter, or press ? or * to list all spells.
The spell is potentially lethal to miscast (36% risk of failure)!
Continue anyway?
Aiming: Mephitic Cloud (potentially lethal; 36% risk of failure)
Press: ? - help, Shift-Dir - straight line You miscast Mephitic Cloud.
You are very lightly contaminated with residual magic.
Nothing appears to happen.
A puff of flame appears from out of thin air!
The puff of flame hits you.
A puff of flame appears from out of thin air!
The puff of flame hits you!
* * * LOW HITPOINT WARNING * * *
Your magical contamination has completely faded away.
Sigmund points at you and mumbles some strange words.
You are confused.
You bump into the rock wall.
Sigmund points at you and mumbles some strange words.
The magic dart hits you.
You die...

#..#.#.#.#.#.#.................#
#...P.....P...........#........#
#..#.#.#P#.#.#..##...##.........
#..#...#.#...#..####.##........#
#.#############.###...#....÷...#
#.......÷.......##.#.#.....<#..#
#.###.####.##...##.............#
#.# #.........#.##.#.#..#####..#
#.###.####.##..@##....#.#####..#
##...## #..###..##.#)...........
##.## ##)## ##.##.####.........
#.####...####.##.# #######.#.
#......#.....@##.# #.#.
#..###...####.##.##########.#.
#..# ##.## #.##............##
#..# #.# ###.###############
#..# #.###.....#


You could see Sigmund.

Vanquished Creatures
  An adder (D:2)
  2 dart slugs (D:1)
  3 ball pythons
  A bat (D:1)
  3 giant cockroaches
  6 hobgoblins
  4 jackals (D:1)
  A quokka (D:2)
  4 frilled lizards
  3 goblins
  8 kobolds
  3 rats
39 creatures vanquished.

Vanquished Creatures (others)
  3 fungi (D:2)
  2 plants (D:2)
5 creatures vanquished.

Grand Total: 44 creatures vanquished

Notes
Turn   | Place    | Note
-------+----------+-------------------------------------------
     0 | D:1      | pokeman the Deep Elf Hedge Wizard began the quest for the
                  | Orb.
     0 | D:1      | Reached XP level 1. HP: 10/10 MP: 7/7
   302 | D:1      | Reached XP level 2. HP: 15/15 MP: 3/9
   868 | D:1      | Reached skill level 5 in Spellcasting
  1123 | D:1      | Reached XP level 3. HP: 16/20 MP: 5/11
  1458 | D:2      | Reached skill level 1 in Fighting
  1535 | D:2      | Learned a level 3 spell: Mephitic Cloud
  1538 | D:2      | Learned a level 2 spell: Call Imp
  1541 | D:2      | Learned a level 2 spell: Blink
  1545 | D:2      | Learned a level 3 spell: Conjure Flame
  1555 | D:2      | Reached skill level 1 in Armour
  1758 | D:2      | Found a faded altar of an unknown god.
  1946 | D:2      | Noticed Sigmund
  2005 | D:2      | HP: 1/20 [something/puff of flame (8)]
  2018 | D:2      | Killed from afar by Sigmund

Illustrated notes

Levels and vault maps discovered:
D:1:      scummos_arrival_hexagon, layout_rooms, grunt_decor_fettered
D:2:      layout_loops_ring, shapermc_ecumenical_altar_mp_urbaneastern,
          kennysheep_generic_room_8, uniq_sigmund

Skill      XL: |  1  2  3 |
---------------+----------+-----
Spellcasting   | 5 |  5.3
Fighting       | 1 |  1.0
Armour         | 1 |  1.0
Conjurations   | 2 |  2.0
Dodging        | |  2.5
Stealth        | |  2.4
Summonings     | |  1.1
Translocations | |  1.1

Action                   || total
-------------------------++-------
Melee: Spear             ||     8
 Cast: Magic Dart        ||    95
       Conjure Flame     ||     1
       Call Imp          ||     1
Armor: Robe              ||     1
       Leather armour    ||     9
Dodge: Dodged            ||    19

Table legend: (Time is in decaauts)
 A = Elapsed time spent in this place.
 B = Non-inter-level travel time spent in this place.
 C = Inter-level travel time spent in this place.
 D = Time resting spent in this place.
 E = Time spent auto-exploring this place.
 F = Levels seen in this place.
 G = Mean time per level.
                   A        B        C        D        E       F      G
               +--------+--------+--------+--------+--------+-----+--------+
         Total |   2018 |   1976 |     42 |     25 |   1651 |   2 | 1009.0 |
       Dungeon |   2018 |   1976 |     42 |     25 |   1651 |   2 | 1009.0 |
               +--------+--------+--------+--------+--------+-----+--------+

Top non-repeatable levels by time:
     D:1: 1262 daAuts
     D:2: 755 daAuts
